 Dungeon Crawl Stone Soup version 0.30.0-15-g856e2d3f33 (webtiles) character file.

Game seed: 9577514708080626032

1 ProzacElf the Digger (level 1, 0/13 HPs)
             Began as a Demonspawn Wanderer on May 18, 2023.
             Slain by a ball python (2 damage)
             ... on level 1 of the Dungeon.
             The game lasted 00:00:40 (45 turns).

ProzacElf the Digger (Demonspawn Wanderer)            Turns: 45, Time: 00:00:40

Health: 0/13       AC:  2    Str: 11    XL:     1   Next: 16%
Magic:  1/2        EV:  8    Int: 12    God:
Gold:   17         SH:  0    Dex: 14    Spells: 1/2 levels left

rFire   . . .        a - +0 dagger
rCold   . . .        (no shield)
rNeg    . . .        d - +0 robe
rPois   .            (no helmet)
rElec   .            (no cloak)
rCorr   .            (no gloves)
SInv    .            (no boots)
Will    .....        (no amulet)
Stlth   +            (no ring)
HPRegen 0.22/turn    (no ring)
MPRegen 0.08/turn

%: no passive effects
@: constricted
A: no striking features
a: no special abilities


You were on level 1 of the Dungeon.
You visited 1 branch of the dungeon, and saw 1 of its levels.

You collected 17 gold pieces.

Inventory:

Hand Weapons
 a - a +0 dagger (weapon)
Missiles
 b - 12 poisoned darts (quivered)
Armour
 d - a +0 robe (worn)
Potions
 c - a potion of berserk rage


   Skills:
 + Level 1.8 Throwing
 + Level 0.2 Stealth
 - Level 1.0 Spellcasting
 - Level 1.7 Fire Magic
 - Level 4.5 Earth Magic


You had one spell level left.
You knew the following spells:

 Your Spells              Type           Power      Damage    Failure   Level
a - Sandblast             Erth           22%        2d7       4%          1

Your spell library contained the following spells:

 Spells                   Type           Power      Damage    Failure   Level
 Foxfire                  Conj/Fire      8%         2x1d4     22%         1
 Passwall                 Tmut/Erth      5%         N/A       19%         2
 Volatile Blastmotes      Fire/Tloc      4%         2d10      54%         3
 Leda's Liquefaction      Hex/Erth       3%         N/A       75%         4


Dungeon Overview and Level Annotations

Branches:
Dungeon (1/15)

Altars:

Annotations:
D:1 1 transporter


Message History

Ye kill tha kobold!
Found 13 gold pieces.
Ye see 'ere a +0 dagger.
Found a faded altar o' an unknown god.
Tha ball python bites ye.
Tha ball python misses ye.
Tha ball python bites ye but does nay damage.
Tha ball python grabs ye.
Tha ball python constricts ye.
Ye take 3 damage, an' haf 7/13 hp.
MASSIVE DAMAGE!!
Ye hit tha ball python.
Tha ball python be heavily wounded.
Tha ball python bites ye.
Tha ball python constricts ye.
Ye take 2 damage, an' haf 5/13 hp.
Ye be too injured ta fight recklessly!
Ye be too injured ta fight recklessly!
Ye be too injured ta fight recklessly!
Ye be too injured ta fight recklessly!
Ye be too injured ta fight recklessly!
Ye be too injured ta fight recklessly!
Ye hit tha ball python.
Tha ball python be severely wounded.
Tha ball python bites ye.
* * * LOW HITPOINT WARNIN'
* * * Tha ball python constricts ye.
* * * LOW HITPOINT WARNIN'
* * * Ye take 3 damage, an' haf 2/13 hp.
MASSIVE DAMAGE!!
Ye barely miss tha ball python.
Tha ball python be severely wounded.
Tha ball python bites ye but does nay damage.
Tha ball python constricts ye.
* * * LOW HITPOINT WARNIN'
* * * Ye take 1 damage, an' haf 1/13 hp.
Castin': Sandblast (safe; 4% risk o' failure) Confirm wit' . or Enter, or press ? or * ta list all spells.
Aimin': Sandblast (safe; 4% risk o' failure)
Press: ? - help, Shift-Dir - straight line, f - ball python
Aim: a ball python (severely wounded, constrictin' ye, 80% ta hit) Tha blast o' sand misses tha ball python.
Tha ball python closely misses ye.
Tha ball python constricts ye.
Tha ball python bites ye.
Ye die...

#....########
#.........##©.
#........##
... #.......##
. ...
#......##...
.# ##.......#
#....####
##.).# #.@.#
##S..# #...#
#....# #....#
...... #..$..#
#...._#


You could see a ball python.

Vanquished Creatures
  A kobold (D:1)
1 creature vanquished.

Notes
Turn   | Place    | Note
-------+----------+-------------------------------------------
     0 | D:1      | ProzacElf the Demonspawn Wanderer began the quest for the
                  | Orb.
     0 | D:1      | ProzacElf set off with the following items: a +0 dagger, 12
                  | poisoned darts, a potion of berserk rage, a +0 robe; and
                  | the following spells available to memorise: Sandblast,
                  | Passwall, Foxfire, Volatile Blastmotes, Leda's
                  | Liquefaction.
     0 | D:1      | Reached XP level 1. HP: 13/13 MP: 2/2
     2 | D:1      | Learned a level 1 spell: Sandblast
    41 | D:1      | Found a faded altar of an unknown god.
    45 | D:1      | Slain by a ball python

Illustrated notes

Levels and vault maps discovered:
D:1:      spicycebolla_arrival_risky_transporter, layout_loops_ring,
          hellmonk_ecumenical_altar_zigzags, st_stairs_6

Action                     || total
---------------------------++-------
  Melee: Dagger            ||     5
   Cast: Sandblast         ||     1
 Armour: Robe              ||     2
  Dodge: Dodged            ||     2

Action                     || total
---------------------------++-------
  Melee: Dagger            ||     5
   Cast: Sandblast         ||     1
 Armour: Robe              ||     2
  Dodge: Dodged            ||     2

Levels and vault maps discovered:
D:1:      spicycebolla_arrival_risky_transporter, layout_loops_ring,
          hellmonk_ecumenical_altar_zigzags, st_stairs_6
